 Dungeon Crawl Stone Soup version 0.21.1-1-g345015f (webtiles) character file.

702 twistedcrescendo the Gusty (level 7, 0/54 HPs)
             Began as a Tengu Air Elementalist on June 25, 2018.
             Slain by a sky beast (3 damage)
             ... on level 5 of the Dungeon.
             The game lasted 00:42:09 (3924 turns).

twistedcrescendo the Gusty (Tengu Air Elementalist) Turns: 3924, Time: 00:42:16

Health: 0/54       AC: 23    Str:  9    XL:     7   Next: 66%
Magic:  10/15      EV:  2    Int: 17    God:
Gold:   250        SH:  0    Dex: 14    Spells: 11/16 levels left

rFire    . . .     SeeInvis .   f - +2 short sword (elec)
rCold    . . .     Gourm    .   (no shield)
rNeg     + + +     Faith    .   (armour currently unavailable)
rPois    +         Spirit   .   (helmet currently unavailable)
rElec    .         Reflect  .   (cloak currently unavailable)
rCorr    .         Harm     .   (gloves currently unavailable)
MR       .....     NoTele   +   (boots unavailable)
Stlth    ++........             (no amulet)
HPRegen  0.18/turn              (no ring)
MPRegen  0.14/turn              (no ring)

@: tree-form, very slightly contaminated
A: able to fly 1
a: Fly


You were on level 5 of the Dungeon.
You were hungry.
You were a tree.
You visited 1 branch of the dungeon, and saw 5 of its levels.

You collected 250 gold pieces.

Inventory:

Hand Weapons
 f - a +2 short sword of electrocution (weapon)
 p - a +0 dagger of draining
 A - a +4 quarterstaff of chaos
Armour
 a - a +0 robe (melded)
 g - a +1 leather armour of positive energy
 l - a +1 hat (melded)
 s - a +2 pair of gloves (melded)
 B - a +0 cloak (melded)
Jewellery
 i - an uncursed ring of protection from cold {unknown}
 r - an uncursed ring of protection from magic {unknown}
 z - a cursed ring of loudness {unknown}
Scrolls
 e - 12 scrolls of identify {unknown}
 h - a scroll of amnesia {unknown}
 k - 5 scrolls of remove curse {unknown}
 n - a scroll of teleportation {unknown}
 o - a scroll of fog {unknown}
 t - 3 scrolls of fear {unknown}
 v - a scroll of enchant armour {unknown}
 x - 2 scrolls of enchant weapon {unknown}
 y - 2 scrolls of magic mapping {unknown}
Potions
 d - a potion of brilliance {unknown}
 j - a potion of invisibility {unknown}
 m - 2 potions of flight {unknown}
 u - 2 potions of lignification
 w - a potion of heal wounds {unknown}
 D - 2 potions of degeneration {unknown}
 E - 3 potions of curing {unknown}
 F - a potion of mutation {unknown}
Books
 b - a book of Air

   Spells                             Type                      Level
   a - Shock                          Conjuration/Air              1
   b - Swiftness                      Charms/Air                   2
   c - Static Discharge               Conjuration/Air              3
   d - Airstrike                      Air                          4
   e - Lightning Bolt                 Conjuration/Air              5
 q - a book of Misfortune

   Spells                             Type                      Level
   a - Confusing Touch                Hexes                        1
   b - Confuse                        Hexes                        3
   c - Gell's Gravitas                Translocation                3
   d - Petrify                        Transmutation/Earth          4
   e - Metabolic Englaciation         Hexes/Ice                    5
   f - Yara's Violent Unravelling     Hexes/Transmutation          5
Comestibles
 c - 13 rations
 C - 4 chunks of flesh


   Skills:
 - Level 2.5 Dodging
 - Level 2.3 Stealth
 * Level 5.1 Spellcasting
 + Level 5.4 Conjurations
 + Level 6.8 Air Magic


You had 11 spell levels left.
You knew the following spells:

 Your Spells              Type           Power        Failure   Level  Hunger
a - Shock                 Conj/Air       ####         1%          1    None
b - Airstrike             Air            ####......   9%          4    ####...


Dungeon Overview and Level Annotations

Branches:
Dungeon (5/15)
 Temple: D:4-7

Altars:
Ashenzari
Elyvilon
Kikubaaqudgha
Yredelemnul
The Shining One


Innate Abilities, Weirdness & Mutations

((You have a beak for a mouth.))
((You have claws for feet.))
You can fly.


Message History

Press: ? - help, Dir - move target cursor, f - sky beast, p - adder
Aim: a sky beast (moderately wounded)
You miscast Airstrike.
You are very lightly contaminated with residual magic.
You feel a strange surge of energy!
You are feeling hungry.
The sky beast flickers out of sight!
Deactivating autopickup; reactivate with Ctrl-A.
Something hits you.
* * * LOW HITPOINT WARNING * * *
Something shocks you.
* * * LOW HITPOINT WARNING * * *
It was a potion of lignification.
You turn into a tree.
Your +0 cloak melds into your body.
Your +1 hat melds into your body.
Your +2 pair of gloves melds into your body.
Your +0 robe melds into your body.
Your roots penetrate the ground.
A sky beast appears from thin air!
Reactivating autopickup.
The sky beast hits you.
You die...

# .###.#......... #
..#. # #.#.######## #
#.#.##.###.#.........
#
#.#...........#######
######..
....>.##....##
........ ...........#
#######. #S#####...##
#Y######.##
#.♣......# ##########


You could see a sky beast and an adder.

Vanquished Creatures
  An ogre (D:5)
  A centaur (D:5)
  A scorpion (D:4)
  A howler monkey (D:4)
  A bullfrog zombie (D:5)
  A jelly (D:5)
  An orc priest (D:4)
  Crazy Yiuf (D:4)
  An iguana (D:5)
  3 orc wizards
  2 worker ants (D:4)
  A hound zombie (D:5)
  5 adders
  4 dart slugs
  A leopard gecko (D:1)
  19 orcs
  2 ball pythons
  4 giant cockroaches
  6 goblins
  8 hobgoblins
  3 jackals (D:5)
  6 quokkas
  10 bats
  2 frilled lizards (D:1)
  8 kobolds
  11 rats
104 creatures vanquished.

Vanquished Creatures (others)
  A human (D:3)
1 creature vanquished.

Grand Total: 105 creatures vanquished

Notes
Turn   | Place    | Note
-------+----------+-------------------------------------------
     0 | D:1      | twistedcrescendo the Tengu Air Elementalist began the quest for the Orb.
     0 | D:1      | Reached XP level 1. HP: 10/10 MP: 4/4
   119 | D:1      | Reached XP level 2. HP: 15/15 MP: 0/6
   650 | D:1      | Reached XP level 3. HP: 19/19 MP: 4/7
  1104 | D:2      | Found a basalt altar of Yredelemnul.
  1279 | D:2      | Reached XP level 4. HP: 24/24 MP: 3/8
  1800 | D:3      | Reached skill level 5 in Air Magic
  1807 | D:3      | Found a shattered altar of Ashenzari.
  1891 | D:3      | Found an ancient bone altar of Kikubaaqudgha.
  1891 | D:3      | Noticed a human
  1894 | D:3      | Killed a human
  1933 | D:3      | Gained mutation: You can fly. [Tengu growth]
  1933 | D:3      | Reached XP level 5. HP: 28/28 MP: 3/10
  2186 | D:3      | Found a glowing golden altar of the Shining One.
  2436 | D:4      | Found a runed door.
  2440 | D:4      | Noticed Crazy Yiuf
  2443 | D:4      | Killed Crazy Yiuf
  2475 | D:4      | Reached XP level 6. HP: 32/32 MP: 5/12
  2606 | D:4      | Reached skill level 6 in Air Magic
  2869 | D:5      | Entered Level 5 of the Dungeon
  2885 | D:5      | Reached XP level 7. HP: 31/36 MP: 2/14
  2969 | D:5      | Found a white marble altar of Elyvilon.
  3132 | D:5      | Reached skill level 5 in Conjurations
  3163 | D:5      | Learned a level 4 spell: Airstrike
  3573 | D:5      | Reached skill level 5 in Spellcasting
  3924 | D:5      | Slain by a sky beast

Skill      XL: |  1  2  3  4  5  6  7 |
---------------+----------------------+-----
Conjurations   | 2 3 4 5 |  5.4
Air Magic      | 5 6 |  6.8
Spellcasting   | 3 4 5 |  5.1
Dodging        | |  2.5
Stealth        | |  2.3

Action                   |  1- 3 |  4- 6 |  7- 9 || total
-------------------------+-------+-------+-------++-------
Melee: Short sword       |     6 |    29 |    13 ||    48
       Peck              |     1 |     4 |     2 ||     7
       Kick              |       |     6 |     1 ||     7
 Cast: Shock             |    72 |   104 |    36 ||   212
       Airstrike         |       |       |     5 ||     5
  Use: Potion            |       |       |     1 ||     1
 Stab: Sleeping          |       |     1 |       ||     1
  Eat: Chunk             |     2 |     5 |     4 ||    11
Armor: Robe              |     2 |    12 |    11 ||    25
Dodge: Dodged            |    10 |    39 |    14 ||    63
